 Dungeon Crawl Stone Soup version 0.29.1 (webtiles) character file.

Game seed: 4489696111139722279

2889 Ordine the Grappler (level 9, -6/89 HPs)
             Began as a Troll Fighter on Sept 14, 2022.
             Mangled by an acid dragon (15 damage)
             ... on level 6 of the Dungeon.
             The game lasted 00:10:49 (5970 turns).

Ordine the Grappler (Troll Fighter)                 Turns: 5970, Time: 00:10:50

Health: -6/89      AC: -1    Str: 26    XL:     9   Next: 48%
Magic:  8/8        EV:  8    Int: 14    God:
Gold:   372        SH: 13    Dex:  9    Spells: 8/8 levels left

rFire   . . .      SeeInvis .     - Unarmed
rCold   . . .      Faith    .   b - +0 kite shield
rNeg    . . .      Spirit   .   K - +0 troll leather armour
rPois   .          Reflect  +   (helmet restricted)
rElec   .          Harm     .   p - +0 cloak
rCorr   .          Rampage  .   (gloves unavailable)
Will    .....                   (boots unavailable)
Stlth   +.........              s - amulet of reflection
HPRegen 1.84/turn               l - +6 ring of intelligence
MPRegen 0.11/turn               (no ring)

@: brilliant, corroded
A: large, unfitting armour, claws 3, regeneration 1, shaggy fur 1, tough skin 1
a: no special abilities


You were on level 6 of the Dungeon.
You visited 1 branch of the dungeon, and saw 6 of its levels.
You also visited: Sewer.

You collected 372 gold pieces.

Inventory:

Missiles
 n - 2 boomerangs
 q - 23 poisoned darts (quivered)
 y - a curare-tipped dart
 E - 6 boomerangs of dispersal
 G - a throwing net
 I - 5 javelins
 J - 2 silver javelins
Armour
 b - a +0 kite shield (worn)
 p - a +0 cloak (worn)
 K - a +0 troll leather armour (worn)
Jewellery
 l - a +6 ring of intelligence (left claw)
 s - an amulet of reflection (around neck)
 t - an amulet of regeneration
Wands
 k - a wand of quicksilver (22)
 C - a wand of charming (5)
 F - a wand of iceblast (6)
Scrolls
 a - a scroll of poison
 d - a scroll of enchant weapon {unknown}
 e - 2 scrolls of immolation {unknown}
 g - a scroll of butterflies
 j - a scroll of teleportation
 o - a scroll of blinking {unknown}
 r - 2 scrolls of identify {unknown}
 u - a scroll of fear {unknown}
 v - 3 scrolls of vulnerability {unknown}
 w - a scroll of acquirement {unknown}
 L - a scroll of amnesia {unknown}
Potions
 c - a potion of might
 f - 3 potions of heal wounds {unknown}
 h - 2 potions of degeneration {unknown}
 i - 7 potions of curing {unknown}
 m - 5 potions of brilliance
 x - 2 potions of lignification {unknown}
 z - a potion of mutation {unknown}
 A - a potion of magic {unknown}
 B - 4 potions of flight {unknown}
 D - a potion of invisibility {unknown}
 H - a potion of ambrosia {unknown}
 M - a potion of berserk rage {unknown}


   Skills:
 + Level 5.9 Fighting
 + Level 3.2 Dodging
 + Level 6.4 Shields
 * Level 9.4 Unarmed Combat


You had 8 spell levels left.
You didn't know any spells.
Your spell library contained the following spells:

 Spells                   Type           Power      Damage    Failure   Level
 Frozen Ramparts          Ice            0%         1d1       91%         3
 Gell's Gravitas          Tloc           0%         N/A       91%         3
 Teleport Other           Tloc           0%         N/A       91%         3
 Ice Form                 Ice/Tmut       0%         N/A       100%        4
 Olgreb's Toxic Radiance  Pois           0%         N/A       100%        4
 Summon Ice Beast         Ice/Summ       0%         N/A       100%        4
 Dispersal                Tloc           0%         N/A       100%        6
 Ozocubu's Refrigeration  Ice            0%         4d7       100%        7
 Ignition                 Fire           0%         3d3       100%        8


Dungeon Overview and Level Annotations

Branches:
Dungeon (6/15)              Sewer (visited)
 Temple: D:4-7

Altars:
Dithmenos
Elyvilon
Fedhas
Hepliaklqana
Nemelex Xobeh
Ru
Trog
Zin


Innate Abilities, Weirdness & Mutations

You are too large for most types of armour.
You have claws for hands.
Your natural rate of healing is unusually fast.
You are covered in fur. (AC +1)
You have tough skin. (AC +1)


Message History

HP restored.
Found a scroll of teleportation.
Things that are here:
a +0 giant club; a +0 giant spiked club
Found 9 stones.
There is a broken door here.
The acid dragon roars!
You open the door. The acid dragon spits acid at you.
The splash of acid hits you!! You block the acid dragon's attack. x2
There is an open door here.
You scratch the acid dragon but do no damage.
The acid dragon spits acid at you. The splash of acid hits you!!
The acid corrodes you!
You are too injured to fight recklessly!
You completely miss the acid dragon.
A centaur opens the door.
The acid dragon spits acid at you. The splash of acid hits you!!
* * * LOW HITPOINT WARNING * * *
The acid corrodes you!
You barely miss the acid dragon. You block the acid dragon's attack.
The acid dragon claws you.
* * * LOW HITPOINT WARNING * * *
You barely miss the acid dragon.
An adder comes into view.
The acid dragon bites you.
* * * LOW HITPOINT WARNING * * *
The acid dragon claws you.
* * * LOW HITPOINT WARNING * * *
It was a potion of brilliance.
You feel clever all of a sudden.
You block the centaur's attack. x2; The acid dragon closely misses you.
The acid dragon claws you.
* * * LOW HITPOINT WARNING * * *
You block the centaur's attack. The centaur kicks you.
* * * LOW HITPOINT WARNING * * *
The acid dragon attacks as you move away!
The acid dragon bites you!
You die...

##'######....#####
####.8# ######
##.)').+ #..8#..#
#.#######
#'#$[?(?!# #
#.####+###.#
#..8#c.#8..#
##..@D.'S.##
####8.#### ###


You could see an acid dragon, a centaur and an adder.

Vanquished Creatures
  A two-headed ogre (D:6)
  A troll (D:5)
  The ghost of Frenzy the Slasher, an amateur MiGl of Okawaru (D:5)
  Menkaure (D:6)
  Edmund (D:4)
  2 black bears (D:6)
  An ice beast (D:5)
  An ogre (D:4)
  2 kobold brigands (Sewer)
  A bullfrog (D:6)
  A gnoll sergeant (D:6)
  2 necrophages
  3 scorpions
  3 jellies
  2 hounds (D:5)
  2 orc priests
  A gnoll bouda (D:5)
  Jessica (D:2)
  3 iguanas (D:4)
  2 orc wizards
  7 gnolls
  6 river rats
  13 adders
  A white imp (D:5)
  An ufetubus (D:6)
  2 worms (D:2)
  5 dart slugs
  15 orcs
  6 bats
  3 endoplasms
  3 giant cockroaches
  A goblin (D:1)
  12 hobgoblins
  6 jackals
  6 quokkas
  10 ball pythons
  6 frilled lizards
  9 kobolds
  27 rats
171 creatures vanquished.

Vanquished Creatures (others)
  A bush (D:4)
  A butterfly (D:4)
  13 plants (Sewer)
15 creatures vanquished.

Grand Total: 186 creatures vanquished

Notes
Turn   | Place    | Note
-------+----------+-------------------------------------------
     0 | D:1      | Ordine the Troll Fighter began the quest for the Orb.
     0 | D:1      | Reached XP level 1. HP: 22/22 MP: 0/0
   150 | D:1      | Reached XP level 2. HP: 29/29 MP: 1/1
   827 | D:2      | Reached XP level 3. HP: 36/36 MP: 2/2
   861 | D:2      | Reached skill level 3 in Unarmed Combat
   996 | D:2      | Found a blossoming altar of Fedhas.
  1181 | D:2      | Noticed Jessica
  1183 | D:2      | Killed Jessica
  1184 | D:2      | Reached XP level 4. HP: 44/44 MP: 3/3
  1239 | D:2      | Found a faded altar of an unknown god.
  1691 | D:3      | Found a shadowy altar of Dithmenos.
  1765 | D:3      | Found a glowing silver altar of Zin.
  1963 | D:3      | Reached skill level 4 in Unarmed Combat
  1963 | D:3      | Reached XP level 5. HP: 40/53 MP: 4/4
  2530 | D:4      | Noticed an ogre
  2575 | D:4      | Noticed Edmund
  2587 | D:4      | Killed Edmund
  2588 | D:4      | Reached XP level 6. HP: 44/61 MP: 5/5
  2786 | D:4      | Reached skill level 5 in Unarmed Combat
  2838 | D:4      | Found a bloodstained altar of Trog.
  2856 | D:4      | Found a sacrificial altar of Ru.
  2860 | D:4      | Found a sparkling altar of Nemelex Xobeh.
  2993 | D:4      | Reached XP level 7. HP: 56/70 MP: 6/6
  3131 | D:4      | Found a white marble altar of Elyvilon.
  3261 | D:4      | Reached skill level 6 in Unarmed Combat
  3268 | D:4      | Found a glowing drain.
  3277 | Sewer    | Entered a sewer
  4122 | D:5      | Entered Level 5 of the Dungeon
  4559 | D:5      | Found a hazy altar of Hepliaklqana.
  4596 | D:5      | Reached XP level 8. HP: 79/79 MP: 7/7
  4727 | D:5      | Reached skill level 5 in Shields
  4727 | D:5      | Reached skill level 7 in Unarmed Combat
  4802 | D:5      | Noticed Frenzy's ghost (amateur MiGl)
  4804 | D:5      | Noticed a troll
  4812 | D:5      | Found a runed translucent gate.
  4812 | D:5      | Found a runed translucent gate.
  4812 | D:5      | Found a runed translucent gate.
  5573 | D:5      | Killed a troll
  5574 | D:5      | Reached skill level 5 in Fighting
  5581 | D:5      | Killed Frenzy's ghost
  5582 | D:5      | Reached skill level 8 in Unarmed Combat
  5764 | D:6      | Noticed Menkaure
  5766 | D:6      | Found a blossoming altar of Fedhas.
  5772 | D:6      | Killed Menkaure
  5773 | D:6      | Reached XP level 9. HP: 84/88 MP: 8/8
  5899 | D:6      | Noticed a two-headed ogre
  5919 | D:6      | Killed a two-headed ogre
  5920 | D:6      | Reached skill level 9 in Unarmed Combat
  5970 | D:6      | Mangled by an acid dragon

Illustrated notes

Levels and vault maps discovered:
D:1:      tarquinn_simple_flora_water_c, layout_basic
D:2:      layout_basic, basic_altar, serial_forest, infiniplex_forest_end_3,
          infiniplex_forest_clump_long, infiniplex_forest_zigzag_2,
          infiniplex_forest_clump_tiny, infiniplex_forest_clump_small,
          infiniplex_forest_straight_2, infiniplex_forest_lined_corner,
          basic_ecumenical_altar, uniq_jessica
D:3:      layout_basic, mainiacjoe_overflow_tiny_flanked, zin_statuary,
          minmay_rat_hole
D:4:      layout_basic, nicolae_elyvilon_peaceful_grove,
          minmay_overflow_temple_star_quad, portal_sewer_entry_b, uniq_edmund
D:5:      layout_layer_cave, mainiacjoe_overflow_boulevard,
          gammafunk_ghost_split
D:6:      minmay_chambers_of_sixes, layout_basic, mainiacjoe_overflow_brackets,
          uniq_menkaure

Skill      XL: |  1  2  3  4  5  6  7  8  9 |
---------------+----------------------------+-----
Shields        | 3 4 6 |  6.4
Unarmed Combat | 3 4 5 6 8 9 |  9.4
Fighting       | 3 4 5 |  5.9
Dodging        | 3 |  3.2

Action                   |  1- 3 |  4- 6 |  7- 9 || total
-------------------------+-------+-------+-------++-------
Melee: Unarmed           |    74 |   161 |   268 ||   503
  Use: Potion            |       |     1 |     2 ||     3
       Scroll            |       |       |     3 ||     3
 Stab: Sleeping          |       |     1 |       ||     1
Armor: Robe              |    25 |    49 |    35 ||   109
       Troll leather arm |       |       |    12 ||    12
Dodge: Dodged            |    22 |    52 |    64 ||   138
Block: Kite shield       |    25 |    50 |   157 ||   232
       Reflection        |       |     1 |     5 ||     6
